 Dungeon Crawl Stone Soup version 0.16-a0-3467-gfe061fe (webtiles) character file.

13451 NewYearsCrawler the Severer (level 12, -1/81 HPs)
             Began as a Formicid Fighter on Jan 2, 2015.
             Was a High Priest of Okawaru.
             Slain by Sonja
             ... wielding a +0 short sword of distortion
              (3 damage)
             ... on level 10 of the Dungeon.
             The game lasted 00:16:04 (10300 turns).

NewYearsCrawler the Severer (Formicid Fighter)     Turns: 10300, Time: 00:16:04

Health: -1/81      AC: 20    Str: 26    XL:     12   Next: 32%
Magic:  16/16      EV:  7    Int:  8    God:    Okawaru [*****.]
Gold:   456        SH: 14    Dex:  9    Spells: 0 memorised, 11 levels left

rFire  + . .     SeeInvis +     w - +4 battleaxe (flame) (curse)
rCold  + . .     Clarity  .     M - +0 plate armour
rNeg   + . .     SustAb   .     o - +2 shield
rPois  +         Gourm    .     (helmet unavailable)
rElec  +         Spirit   .     n - +0 cloak
rCorr  +         Warding  .     R - +2 pair of gloves
rMut   .         Stasis   +     z - +0 pair of boots
MR     +....                    (no amulet)
Stlth  ..........               y - ring of loudness (curse)
                                b - ring of positive energy

@: short of breath, resistant, somewhat resistant to hostile enchantments,
extremely unstealthy
A: permanent stasis, dig shafts and tunnels, four strong arms, antennae 3,
talons 1, rough black scales 1
a: Dig, Shaft Self, Heroism, Renounce Religion


You were on level 10 of the Dungeon.
You worshipped Okawaru.
Okawaru was extremely pleased with you.
You were hungry.

You visited 2 branches of the dungeon, and saw 11 of its levels.

You collected 694 gold pieces.
You spent 238 gold pieces at shops.

Inventory:

Hand weapons
 w - a cursed +4 battleaxe of flaming (weapon)
 L - a +0 battleaxe of flaming
 P - the +5 quick blades "Gyre" and "Gimble" {pierce, Dex-3}
   (You found it on level 10 of the Dungeon)

   It inflicts extra damage upon your enemies.
   It affects your dexterity (-3).
Armour
 n - a +0 cloak (worn)
 o - a +2 shield (worn)
 z - a +0 pair of boots (worn)
 M - a +0 plate armour (worn)
 R - a +2 pair of gloves (worn)
Jewellery
 b - a ring of positive energy (left hand)
 j - the ring "Chac Moi" {Fire Str-4}
   (You acquired it on level 9 of the Dungeon)

   [ring of fire]

   It enhances your fire magic, and weakens your ice magic.
   It affects your strength (-4).
   It protects you from fire.
   It makes you vulnerable to cold.
 m - an uncursed ring of flight
 y - a cursed ring of loudness (right hand)
 E - an uncursed ring of magical power
Magical devices
 e - a wand of teleportation (4)
 t - a wand of magic darts (24)
 v - a wand of teleportation (4)
 D - a wand of enslavement (15)
 K - a wand of random effects (13)
 O - a wand of random effects (19)
Scrolls
 a - a scroll of immolation
 i - 7 scrolls of remove curse
 p - 14 scrolls of identify
 q - 6 scrolls of recharging
 s - 4 scrolls of fog
 C - a scroll of magic mapping
 F - 3 scrolls of amnesia
 J - a scroll of enchant armour
 N - a scroll of random uselessness
Potions
 g - 3 potions of agility
 l - 2 potions of cure mutation
 r - a potion of restore abilities
 u - 3 potions of lignification
 A - a potion of curing
 B - a potion of might
 G - a potion of invisibility
Comestibles
 c - a chunk of flesh
 d - 5 bread rations
 f - 5 meat rations
 h - 2 royal jellies
 x - 8 slices of pizza
 I - 6 beef jerkies


   Skills:
 - Level 3.2 Fighting
 * Level 16.6 Axes
 - Level 3.2 Armour
 - Level 9.3 Shields


You had 11 spell levels left.
You didn't know any spells.

Dungeon Overview and Level Annotations

Branches:
Dungeon (10/15)            Temple (1/1) D:7
   Lair: D:8-11         Orc: D:9-12

Altars:
Ashenzari
Cheibriados
Dithmenos
Elyvilon
Fedhas
Gozag
Kikubaaqudgha
Makhleb
Nemelex Xobeh
Okawaru
Qazlal
Ru
Sif Muna
Trog
Vehumet
Xom
Yredelemnul
Zin
The Shining One

Shops:
D:6 (   D:7 !

Annotations:
D:10 Sonja


Innate Abilities, Weirdness & Mutations

You are under a permanent stasis effect.
You can dig through walls and to a lower floor.
Your four strong arms can wield two-handed weapons with a shield.
You have a pair of large antennae on your head (SInv).
You have sharp toenails.
You are partially covered in rough black scales (AC +4, Dex -1).


Message History

* * * LOW HITPOINT WARNING * * *
Drink which item? (? for menu, Esc to quit)
You feel better. You block Sonja's attack. Sonja hits you but does no damage.
Space bends around you.
* * * LOW HITPOINT WARNING * * *
Sonja barely misses you.
Drink which item? (? for menu, Esc to quit)
You feel protected. You block Sonja's attack. Sonja completely misses you.
You block Sonja's attack.
Sonja hits you with an uncursed short sword of distortion!
* * * LOW HITPOINT WARNING * * *
Sonja hits you but does no damage.
You feel a strange sense of stasis. Sonja hits you but does no damage.
Space bends around you.
* * * LOW HITPOINT WARNING * * *
You retract your mandibles.
You miss Sonja.
Sonja is heavily wounded.
You block Sonja's attack.
Sonja hits you with an uncursed short sword of distortion.
You die...

#..#....## ###.....#..##..#......
##.......###...........##.)......
#.........................##.....
..###..#########.........####....
. ##.# #.........# #.... #.#
##.#......## ##.#..
##..######..####...####.####
#.......#K## ##.......# #
#.......(#@# #..###..#
..###...(### #.## ##.# ###...#
#.# #.# ........K.# #.# #.##
.#####.#..# ### ##.# #( #.# #.#
#. #. ###.. #. %. .# ## ### #


You could see Sonja.

Vanquished Creatures
  A yaktaur captain (D:9)
  An unseen horror (D:10)
  The ghost of NewYearsCrawler the Blocker, an experienced FoFi (D:6)
  Maurice (D:8)
  A centaur zombie (D:10)
  Psyche (D:8)
  A centaur skeleton (D:10)
  3 trolls (D:10)
  A two-headed ogre (D:10)
  A slime creature (D:9)
  A deep elf mage (D:10)
  2 wyverns (D:10)
  19 yaks
  A hog (D:7)
  A human (D:7)
  2 hippogriffs (D:9)
  A steam dragon (D:10)
  A mottled dragon (D:9)
  Edmund (D:8)
  2 water moccasins
  A black bear (D:10)
  5 orc warriors
  2 phantoms
  An eye of draining (D:9)
  A necrophage (D:10)
  3 ice beasts
  2 sky beasts
  4 centaurs
  8 ogres
  5 giant frogs
  A water moccasin skeleton (D:6)
  7 killer bees
  4 scorpions
  2 jellies
  5 wights (D:8)
  3 orc priests
  2 goliath beetles
  A giant frog zombie (D:10)
  6 crimson imps
  2 giant frog skeletons
  8 hounds
  2 iguanas
  6 orc wizards
  3 sheep (D:7)
  12 worker ants
  Ijyb (D:3)
  A hound zombie (D:5)
  A hound skeleton (D:7)
  A mummy (D:9)
  2 worker ant zombies
  Robin (D:3)
  12 adders
  9 gnolls
  A shadow imp (D:10)
  A giant mite (D:5)
  2 giant geckos
  18 orcs
  14 bats
  2 bat zombies (D:7)
  5 giant cockroaches
  14 goblins
  23 hobgoblins
  7 jackals
  12 kobolds
  6 quokkas
  2 ball pythons
  5 giant newts
  A jackal zombie (D:6)
  A quokka zombie (D:8)
  21 rats
  3 ballistomycetes (D:8)
305 creatures vanquished.

Vanquished Creatures (others)
  A giant spore (D:8)
1 creature vanquished.

Grand Total: 306 creatures vanquished

Notes
Turn   | Place    | Note
--------------------------------------------------------------
     0 | D:1      | NewYearsCrawler, the Formicid Fighter, began the quest for the Orb.
     0 | D:1      | Reached XP level 1. HP: 18/18 MP: 1/1
    24 | D:1      | Reached XP level 2. HP: 24/24 MP: 3/3
   711 | D:2      | Reached XP level 3. HP: 26/29 MP: 4/4
   916 | D:2      | Found a deep blue altar of Sif Muna.
   920 | D:2      | Found a radiant altar of Vehumet.
   925 | D:2      | Found a sparkling altar of Nemelex Xobeh.
  1156 | D:2      | Reached XP level 4. HP: 35/35 MP: 5/5
  1178 | D:2      | Reached skill level 4 in Axes
  1541 | D:3      | Reached skill level 5 in Axes
  1541 | D:3      | Reached XP level 5. HP: 25/41 MP: 7/7
  1756 | D:3      | Noticed Ijyb
  1779 | D:3      | Killed Ijyb
  1835 | D:3      | Found a shattered altar of Ashenzari.
  2038 | D:3      | Noticed Robin
  2070 | D:3      | Killed Robin
  2274 | D:4      | Reached XP level 6. HP: 47/47 MP: 8/8
  2378 | D:4      | Reached skill level 6 in Axes
  2492 | D:4      | Noticed an ogre
  2498 | D:4      | Killed an ogre
  2498 | D:4      | Reached XP level 7. HP: 52/52 MP: 9/9
  2507 | D:4      | Reached skill level 5 in Shields
  2516 | D:4      | Noticed an ogre
  2526 | D:4      | Killed an ogre
  2526 | D:4      | Reached skill level 7 in Axes
  2837 | D:4      | Noticed an ogre
  2845 | D:4      | Killed an ogre
  3095 | D:5      | Entered Level 5 of the Dungeon
  3117 | D:5      | Reached XP level 8. HP: 50/58 MP: 11/11
  3559 | D:5      | Reached skill level 8 in Axes
  4074 | D:5      | Found a glowing silver altar of Zin.
  4258 | D:6      | Noticed NewYearsCrawler's ghost (experienced FoFi)
  4296 | D:6      | HP: 1/58 [NewYearsCrawler's ghost (13)]
  4297 | D:6      | Killed NewYearsCrawler's ghost
  4297 | D:6      | Reached skill level 9 in Axes
  4297 | D:6      | Reached XP level 9. HP: 1/64 MP: 12/12
  4905 | D:6      | Found Gasamm's Antique Weapon Shop.
  4959 | D:6      | Gained mutation: You are partially covered in rough black scales (AC +4, Dex -1). [mutagenic meat]
  4980 | D:6      | Bought a runed battleaxe for 156 gold pieces
  5441 | D:6      | Reached skill level 10 in Axes
  5649 | D:7      | Found a staircase to the Ecumenical Temple.
  5673 | Temple   | Entered the Ecumenical Temple
  5729 | Temple   | Became a worshipper of Warmaster Okawaru
  5763 | D:7      | Found a shadowy altar of Dithmenos.
  5826 | D:7      | Found an ancient bone altar of Kikubaaqudgha.
  5876 | D:7      | Found Extiq's Distillery.
  5879 | D:7      | Bought a potion of restore abilities for 55 gold pieces
  5879 | D:7      | Bought a potion of mutation for 27 gold pieces
  5879 | D:7      | Gained mutation: You have sharp toenails. [potion of mutation]
  5879 | D:7      | Gained mutation: Your spells are a little easier to cast, but a little less powerful. [potion of mutation]
  6191 | D:7      | Reached XP level 10. HP: 59/70 MP: 13/13
  6493 | D:7      | Reached skill level 11 in Axes
  6893 | D:8      | Found a glowing silver altar of Zin.
  6900 | D:8      | Noticed Edmund
  6908 | D:8      | Killed Edmund
  6921 | D:8      | Acquired Okawaru's first power
  6940 | D:8      | Reached skill level 12 in Axes
  7027 | D:8      | Noticed Psyche
  7034 | D:8      | Killed Psyche
  7060 | D:8      | Noticed Maurice
  7077 | D:8      | Killed Maurice
  7415 | D:8      | Lost mutation: Your spells are a little easier to cast, but a little less powerful. [mutagenic meat]
  7431 | D:8      | Reached skill level 13 in Axes
  7697 | D:9      | Found an opulent altar of Gozag.
  7751 | D:9      | Reached XP level 11. HP: 64/75 MP: 15/15
  7894 | D:9      | Noticed a yaktaur captain
  7919 | D:9      | Killed a yaktaur captain
  7919 | D:9      | Reached skill level 14 in Axes
  8020 | D:9      | Identified a scroll of acquirement
  8021 | D:9      | Got a vibrating iron ring
  8022 | D:9      | Identified the ring "Chac Moi" {Fire Str-4} (You acquired it on level 9 of the Dungeon)
  8847 | D:10     | Entered Level 10 of the Dungeon
  9049 | D:10     | Reached skill level 15 in Axes
  9353 | D:10     | Acquired Okawaru's second power
  9478 | D:10     | Noticed an unseen horror
  9495 | D:10     | Killed an unseen horror
  9580 | D:10     | Reached XP level 12. HP: 81/81 MP: 16/16
  9647 | D:10     | Reached skill level 16 in Axes
 10281 | D:10     | Noticed Sonja
 10299 | D:10     | HP: 2/81 [Sonja/uncursed short sword of distortion (6)]
 10300 | D:10     | Slain by Sonja

Action                   |  1- 3 |  4- 6 |  7- 9 | 10-12 || total
-------------------------+-------+-------+-------+-------++-------
Melee: War axe           |    83 |   139 |   216 |       ||   438
       Battleaxe         |       |       |    89 |   436 ||   525
 Abil: Dig               |     1 |     1 |     1 |     4 ||     7
  Use: Potion            |       |     3 |    13 |     7 ||    23
       Scroll            |       |       |    11 |     3 ||    14
  Eat: Chunk             |     1 |     4 |     9 |    15 ||    29
       Bread ration      |       |       |     1 |       ||     1
